NYP
MILWAUKEE (NYP) BREWERS @ WEST VIRGINIA BLACK BEARS
07/30/2049
 
TOP OF THE 1ST
Milwaukee (NYP) Brewers batting - Pitching for West Virginia Black Bears : LHP Lucila Renteria
Pitching: LHP Lucila Renteria
Batting: RHB Chris Maul 0-0: Swinging Strike
0-1: Swinging Strike
0-2: Ground out 1-3 (Groundball, 15S, EV 65.6 MPH)
Batting: RHB Tristan Smeets 0-0: Ball
1-0: Ball
2-0: Called Strike
2-1: Ball
3-1: DOUBLE (Line Drive, 5D, EV 104.4 MPH)
Batting: RHB Lorenzo Diaz 0-0: Foul Ball, location: 2F
0-1: Ball
1-1: Foul Ball, location: 2F
1-2: Reached on error, E6 (Groundball, 6, EV 79.4 MPH)
Tristan Smeets to third
Batting: RHB Jonathan Sarles 0-0: Called Strike
0-1: Fielders Choice at 2nd, 6-4 (Groundball, 6, EV 110.6 MPH)
Tristan Smeets scores
Batting: LHB Mark Backstrom 0-0: Ball
1-0: Ball
2-0: Called Strike
2-1: Ball
3-1: DOUBLE (Line Drive, 78D, EV 108.1 MPH)
Jonathan Sarles to third
Runner from 3rd tries for Home, SAFE, no throw by CF
Batting: LHB Tyler Francis 0-0: Ball
1-0: Ground out 4-3 (Groundball, 34, EV 78.1 MPH)
Top of the 1st over - 2 runs, 2 hits, 1 error, 1 left on base; Milwaukee (NYP) 2 - West Virginia 0
BOTTOM OF THE 1ST
West Virginia Black Bears batting - Pitching for Milwaukee (NYP) Brewers : RHP Butch Powers
Pitching: RHP Butch Powers
Batting: SHB Don Hauk 0-0: Ball
1-0: Called Strike
1-1: Foul Ball, location: 2F
1-2: Strikes out swinging
Batting: SHB Yutaro Takahashi 0-0: Called Strike
0-1: Called Strike
0-2: Ball
1-2: Foul Ball, location: 2F
1-2: Strikes out looking
Batting: LHB Dave Cook 0-0: Called Strike
0-1: Ball
1-1: Swinging Strike
1-2: DOUBLE (Flyball, 8LXD, EV 109.4 MPH)
Batting: RHB Joe Bower 0-0: Called Strike
0-1: Foul Ball, location: 2F
0-2: Fly out, F4 (Popup, 3D, EV 52.5 MPH)
Bottom of the 1st over - 0 runs, 1 hit, 0 errors, 1 left on base; Milwaukee (NYP) 2 - West Virginia 0
TOP OF THE 2ND
Milwaukee (NYP) Brewers batting - Pitching for West Virginia Black Bears : LHP Lucila Renteria
Batting: LHB Greg Reedy 0-0: Fly out, F7 (Flyball, 78M, EV 80.6 MPH)
Batting: LHB Dusty Bryant 0-0: Ground out U3 (Groundball, 3, EV 86.9 MPH)
Batting: RHB Justin Marino 0-0: Ball
1-0: Ball
2-0: Ground out 6-3 (Groundball, 6MD, EV 103.1 MPH)
Top of the 2nd over - 0 runs, 0 hits, 0 errors, 0 left on base; Milwaukee (NYP) 2 - West Virginia 0
BOTTOM OF THE 2ND
West Virginia Black Bears batting - Pitching for Milwaukee (NYP) Brewers : RHP Butch Powers
Batting: RHB Mike Weeks 0-0: Called Strike
0-1: Ground out 6-3 (Groundball, 6M, EV 85.6 MPH)
Batting: RHB Sam Voss 0-0: Fly out, F7 (Flyball, 78D, EV 107.5 MPH)
Batting: RHB Erik Mulligan 0-0: Called Strike
0-1: Called Strike
0-2: Foul Ball, location: 2F
0-2: Ball
1-2: Foul Ball, location: 2F
1-2: Ball
2-2: Strikes out swinging
Bottom of the 2nd over - 0 runs, 0 hits, 0 errors, 0 left on base; Milwaukee (NYP) 2 - West Virginia 0
TOP OF THE 3RD
Milwaukee (NYP) Brewers batting - Pitching for West Virginia Black Bears : LHP Lucila Renteria
Batting: RHB Chris Maul 0-0: Ground out 5-3 (Groundball, 6S, EV 70.0 MPH)
Batting: RHB Tristan Smeets 0-0: Ball
1-0: Ground out 6-3 (Groundball, 6, EV 91.2 MPH)
Batting: RHB Lorenzo Diaz 0-0: Called Strike
0-1: Ball
1-1: Ball
2-1: Ball
3-1: SINGLE (Line Drive, 9LS, EV 88.1 MPH)
Batting: RHB Jonathan Sarles 0-0: Called Strike
Lorenzo Diaz steals 2nd base (no throw)
0-1: Swinging Strike
0-2: Ground out 6-3 (Groundball, 6S, EV 80.6 MPH)
Top of the 3rd over - 0 runs, 1 hit, 0 errors, 1 left on base; Milwaukee (NYP) 2 - West Virginia 0
BOTTOM OF THE 3RD
West Virginia Black Bears batting - Pitching for Milwaukee (NYP) Brewers : RHP Butch Powers
Batting: LHB William Matthews 0-0: DOUBLE (Groundball, 3L, EV 108.1 MPH)
Batting: RHB Francisco Santos 0-0: Ground out 4-3 (Groundball, 4M, EV 83.1 MPH)
William Matthews to third
Batting: SHB Don Hauk 0-0: Called Strike
0-1: Swinging Strike
0-2: Strikes out swinging
Batting: SHB Yutaro Takahashi 0-0: Ball
1-0: Foul Ball, location: 2F
1-1: Swinging Strike
1-2: Foul Ball, location: 2F
1-2: Ball
2-2: Ball
3-2: Base on Balls
Batting: LHB Dave Cook 0-0: Ball
1-0: Ball
2-0: Ball
3-0: Called Strike
3-1: Foul Ball, location: 2F
3-2: Foul Ball, location: 2F
3-2: Base on Balls
Yutaro Takahashi to second
Batting: RHB Joe Bower 0-0: SINGLE (Line Drive, 6MD, EV 98.1 MPH)
William Matthews scores
Yutaro Takahashi to third
Dave Cook to second
Runner from 3rd tries for Home, SAFE, throw by CF to home
Batting: RHB Mike Weeks 0-0: Ball
1-0: Called Strike
1-1: Ball
2-1: Ground out 5-3 (Groundball, 5S, EV 66.9 MPH)
Bottom of the 3rd over - 2 runs, 2 hits, 0 errors, 2 left on base; Milwaukee (NYP) 2 - West Virginia 2
TOP OF THE 4TH
Milwaukee (NYP) Brewers batting - Pitching for West Virginia Black Bears : LHP Lucila Renteria
Batting: LHB Mark Backstrom 0-0: Ball
1-0: Ball
2-0: Called Strike
2-1: Foul Ball, location: 2F
2-2: Foul Ball, location: 2F
2-2: Ball
3-2: Fly out, F7 (Flyball, 7D, EV 91.2 MPH)
Batting: LHB Tyler Francis 0-0: Foul Ball, location: 2F
0-1: Fly out, F7 (Flyball, 7S, EV 91.9 MPH)
Batting: LHB Greg Reedy 0-0: Ball
1-0: Ball
2-0: Ball
3-0: Base on Balls
Batting: LHB Dusty Bryant 0-0: Ball
Greg Reedy steals 2nd, throwing error, E2
Greg Reedy to third
1-0: Foul Ball, location: 2F
1-1: Foul Ball, location: 2F
1-2: Foul Ball, location: 2F
1-2: Fly out, F3 (Line Drive, 3, EV 68.8 MPH)
Top of the 4th over - 0 runs, 0 hits, 1 error, 1 left on base; Milwaukee (NYP) 2 - West Virginia 2
BOTTOM OF THE 4TH
West Virginia Black Bears batting - Pitching for Milwaukee (NYP) Brewers : RHP Butch Powers
Batting: RHB Sam Voss 0-0: Ball
1-0: Ground out 6-3 (Groundball, 4MS, EV 85.0 MPH)
Batting: RHB Erik Mulligan 0-0: Called Strike
0-1: Ball
1-1: Foul Ball, location: 2F
1-2: Fly out, F9 (Flyball, 9D, EV 95.0 MPH)
Batting: LHB William Matthews 0-0: Ball
1-0: Swinging Strike
1-1: Ground out 5-3 (Groundball, 56, EV 109.4 MPH)
Bottom of the 4th over - 0 runs, 0 hits, 0 errors, 0 left on base; Milwaukee (NYP) 2 - West Virginia 2
TOP OF THE 5TH
Milwaukee (NYP) Brewers batting - Pitching for West Virginia Black Bears : LHP Lucila Renteria
Batting: RHB Justin Marino 0-0: Ball
1-0: Ball
2-0: Foul Ball, location: 2F
2-1: Called Strike
2-2: Foul Ball, location: 2F
2-2: Foul Ball, location: 2F
2-2: Foul Ball, location: 2F
2-2: Ball
3-2: Foul Ball, location: 2F
3-2: Ground out 6-3 (Groundball, 6, EV 83.1 MPH)
Batting: RHB Chris Maul 0-0: DOUBLE (Line Drive, 3D, EV 103.8 MPH)
Batting: RHB Tristan Smeets 0-0: Ball
1-0: Foul Ball, location: 2F
1-1: Foul Ball, location: 2F
1-2: Strikes out swinging
Batting: RHB Lorenzo Diaz 0-0: Ball
Wild Pitch!
Chris Maul to third
1-0: Called Strike
1-1: Ball
2-1: Reached on error, E6 (Groundball, 6, EV 104.4 MPH)
Chris Maul scores
Batting: RHB Jonathan Sarles 0-0: Ball
1-0: Foul Ball, location: 2F
1-1: Ball
Pickoff Throw to First - Out! 1-3
Top of the 5th over - 1 run, 1 hit, 1 error, 0 left on base; Milwaukee (NYP) 3 - West Virginia 2
BOTTOM OF THE 5TH
West Virginia Black Bears batting - Pitching for Milwaukee (NYP) Brewers : RHP Butch Powers
Batting: RHB Francisco Santos 0-0: Ball
1-0: Fly out, F8 (Flyball, 8RM, EV 81.9 MPH)
Batting: SHB Don Hauk 0-0: Called Strike
0-1: Called Strike
0-2: Foul Ball, location: 2F
0-2: Ball
1-2: Foul Ball, location: 2F
1-2: DOUBLE (Line Drive, 7LM, EV 88.8 MPH)
Batting: SHB Yutaro Takahashi 0-0: Ball
1-0: SINGLE (Line Drive, 34, EV 95.6 MPH)
Don Hauk to third
Batting: LHB Dave Cook 0-0: Reached on error, E6 (Groundball, 6, EV 82.5 MPH)
Don Hauk scores
Yutaro Takahashi to second
Batting: RHB Joe Bower 0-0: Ball
1-0: Fly out, F8 (Flyball, 89D, EV 98.8 MPH)
Runner from 2nd tags up, SAFE at 3rd, no throw by CF
Batting: RHB Mike Weeks 0-0: Called Strike
0-1: Foul Ball, location: 2F
0-2: Fly out, F5 (Popup, 5S, EV 80.0 MPH)
Bottom of the 5th over - 1 run, 2 hits, 1 error, 2 left on base; Milwaukee (NYP) 3 - West Virginia 3
TOP OF THE 6TH
Milwaukee (NYP) Brewers batting - Pitching for West Virginia Black Bears : LHP Lucila Renteria
Batting: RHB Jonathan Sarles 0-0: Ball
1-0: Foul Ball, location: 2F
1-1: Ball
2-1: Ball
3-1: Base on Balls
Pitching: RHP Sung-jae Choo
Batting: LHB Mark Backstrom 0-0: Ball
1-0: 2-RUN HOME RUN (Line Drive, 89XD, EV 108.1 MPH), Distance : 429 ft
Batting: LHB Tyler Francis 0-0: Ball
1-0: SOLO HOME RUN (Flyball, 9D, EV 101.2 MPH), Distance : 398 ft
Batting: LHB Greg Reedy 0-0: Called Strike
0-1: Hit by Pitch
Batting: LHB Dusty Bryant 0-0: Called Strike
0-1: Ball
1-1: Ball
2-1: Called Strike
2-2: Fly out, F9 (Flyball, 89M, EV 83.8 MPH)
Batting: RHB Justin Marino 0-0: Foul Ball, location: 2F
0-1: Swinging Strike
0-2: SINGLE (Groundball, 6MD, EV 94.4 MPH)
Greg Reedy to second
Runner from 2nd tries for 3rd, SAFE, no throw by CF
Batting: RHB Chris Maul 0-0: Foul Ball, location: 2F
0-1: Ball
1-1: Ball
2-1: Called Strike
2-2: Strikes out swinging
Batting: RHB Tristan Smeets 0-0: Ball
1-0: Ball
2-0: Called Strike
2-1: Called Strike
2-2: Foul Ball, location: 2F
2-2: Foul Ball, location: 2F
2-2: Foul Ball, location: 2F
2-2: Ball
3-2: Fly out, F7 (Flyball, 7, EV 79.4 MPH)
Top of the 6th over - 3 runs, 3 hits, 0 errors, 2 left on base; Milwaukee (NYP) 6 - West Virginia 3
BOTTOM OF THE 6TH
West Virginia Black Bears batting - Pitching for Milwaukee (NYP) Brewers : RHP Butch Powers
Pitching: RHP Tom Wendel
Batting: RHB Sam Voss 0-0: Called Strike
0-1: Ball
1-1: Ground out 2-3 (Groundball, 15S, EV 64.4 MPH)
Batting: RHB Erik Mulligan 0-0: Called Strike
0-1: Ball
1-1: Ball
2-1: Called Strike
2-2: Strikes out looking
Batting: LHB William Matthews 0-0: Foul Ball, location: 2F
0-1: Ball
1-1: Ball
2-1: Called Strike
2-2: Foul Ball, location: 2F
2-2: Ball
3-2: Base on Balls
Batting: RHB Francisco Santos 0-0: Called Strike
0-1: Ball
1-1: Ball
2-1: Ground out 4-3 (Groundball, 34, EV 81.9 MPH)
Bottom of the 6th over - 0 runs, 0 hits, 0 errors, 1 left on base; Milwaukee (NYP) 6 - West Virginia 3
TOP OF THE 7TH
Milwaukee (NYP) Brewers batting - Pitching for West Virginia Black Bears : RHP Sung-jae Choo
Pitching: LHP Adam Clarke
Batting: RHB Lorenzo Diaz 0-0: Foul Ball, location: 2F
0-1: Ball
1-1: Swinging Strike
1-2: Strikes out swinging
Batting: RHB Jonathan Sarles 0-0: Swinging Strike
0-1: Ball
1-1: Foul Ball, location: 2F
1-2: Foul Ball, location: 2F
1-2: Foul Ball, location: 2F
1-2: DOUBLE (Line Drive, 3D, EV 99.4 MPH)
Batting: LHB Mark Backstrom 0-0: Called Strike
0-1: Called Strike
0-2: Foul Ball, location: 2F
0-2: Ground out 4-3 (Groundball, 34, EV 106.9 MPH)
Jonathan Sarles to third
Batting: LHB Tyler Francis 0-0: Ball
1-0: Ground out 3-1 (Groundball, 34S, EV 82.5 MPH)
Top of the 7th over - 0 runs, 1 hit, 0 errors, 1 left on base; Milwaukee (NYP) 6 - West Virginia 3
BOTTOM OF THE 7TH
West Virginia Black Bears batting - Pitching for Milwaukee (NYP) Brewers : RHP Tom Wendel
Now in CF: Michael Dickerson
Now in RF: Mark Backstrom
Batting: SHB Don Hauk 0-0: Ball
1-0: Swinging Strike
1-1: Foul Ball, location: 2F
1-2: Strikes out looking
Batting: SHB Yutaro Takahashi 0-0: Called Strike
0-1: Called Strike
0-2: Ball
1-2: Strikes out swinging
Batting: LHB Dave Cook 0-0: Ball
1-0: Ground out 4-3 (Groundball, 4, EV 101.9 MPH)
Bottom of the 7th over - 0 runs, 0 hits, 0 errors, 0 left on base; Milwaukee (NYP) 6 - West Virginia 3
TOP OF THE 8TH
Milwaukee (NYP) Brewers batting - Pitching for West Virginia Black Bears : LHP Adam Clarke
Batting: LHB Greg Reedy 0-0: Ball
1-0: Foul Ball, location: 2F
1-1: Ball
2-1: Ball
3-1: SINGLE (Groundball, 4, EV 101.9 MPH)
Batting: RHB Michael Dickerson 0-0: Foul Ball, location: 2F
0-1: Swinging Strike
0-2: Foul Ball, location: 2F
0-2: Foul Ball, location: 2F
0-2: Strikes out looking
Pitching: RHP Pat Hall
Batting: RHB Justin Marino 0-0: Ball
1-0: Ball
Greg Reedy is caught stealing 2nd base 2-4
2-0: Fly out, F3 (Line Drive, 3, EV 73.8 MPH)
Top of the 8th over - 0 runs, 1 hit, 0 errors, 0 left on base; Milwaukee (NYP) 6 - West Virginia 3
BOTTOM OF THE 8TH
West Virginia Black Bears batting - Pitching for Milwaukee (NYP) Brewers : RHP Tom Wendel
Pitching: LHP Jon Ortiz
Batting: RHB Joe Bower 0-0: Called Strike
0-1: Foul Ball, location: 2F
0-2: Ball
1-2: Ball
2-2: Ball
3-2: Reached on error, E6 (Groundball, 6, EV 90.6 MPH)
Batting: RHB Mike Weeks 0-0: Ball
1-0: Ball
2-0: Called Strike
2-1: Foul Ball, location: 2F
2-2: Reached on error, E6 (Groundball, 6, EV 85.6 MPH)
Joe Bower to second
Batting: RHB Sam Voss 0-0: Foul Ball, location: 2F
0-1: Ball
1-1: Called Strike
1-2: Ball
2-2: Foul Ball, location: 2F
2-2: Fly out, F8 (Flyball, 8RXD, EV 90.0 MPH)
Runner from 2nd tags up, SAFE at 3rd, no throw by CF
Batting: RHB Erik Mulligan 0-0: Ball
1-0: Grounds into double play, 6-4-3 (Groundball, 56, EV 87.5 MPH)
Bottom of the 8th over - 0 runs, 0 hits, 2 errors, 1 left on base; Milwaukee (NYP) 6 - West Virginia 3
TOP OF THE 9TH
Milwaukee (NYP) Brewers batting - Pitching for West Virginia Black Bears : RHP Pat Hall
Batting: RHB Chris Maul 0-0: Fly out, F9 (Line Drive, 9, EV 86.9 MPH)
Batting: RHB Tristan Smeets 0-0: Called Strike
0-1: Ball
1-1: Ball
2-1: Swinging Strike
2-2: Foul Ball, location: 2F
2-2: Strikes out swinging
Batting: RHB Lorenzo Diaz 0-0: Foul Ball, location: 2F
0-1: SINGLE (Line Drive, 4D, EV 95.6 MPH)
Batting: RHB Jonathan Sarles 0-0: Ball
Lorenzo Diaz steals 2nd, throwing error, E2
Lorenzo Diaz to third
1-0: Fly out, F4 (Popup, 4S, EV 78.1 MPH)
Top of the 9th over - 0 runs, 1 hit, 1 error, 1 left on base; Milwaukee (NYP) 6 - West Virginia 3
BOTTOM OF THE 9TH
West Virginia Black Bears batting - Pitching for Milwaukee (NYP) Brewers : LHP Jon Ortiz
Pitching: RHP Alejandro Souto
Batting: LHB William Matthews 0-0: Ball
1-0: Foul Ball, location: 2F
1-1: Ball
2-1: Ball
3-1: SINGLE (Groundball, 4MD, EV 96.9 MPH)
Pinch Hitting: LHB Jesse Haught 0-0: Ball
1-0: Called Strike
1-1: Called Strike
1-2: Strikes out swinging
Batting: SHB Don Hauk 0-0: Foul Ball, location: 2F
0-1: Foul Ball, location: 2F
0-2: Foul Ball, location: 2F
0-2: Ball
1-2: Strikes out looking
Batting: SHB Yutaro Takahashi 0-0: Ball
1-0: Called Strike
1-1: Foul Ball, location: 2F
1-2: Strikes out swinging
Bottom of the 9th over - 0 runs, 1 hit, 0 errors, 1 left on base; Milwaukee (NYP) 6 - West Virginia 3
Sunday, July 16th , 2023 - OOTP Baseball 24.6 Build 69